 Dungeon Crawl Stone Soup version 0.27.1-3-gb3d3a73c9e (webtiles) character file.

Game seed: 2862493108025952123

7480 earthworldpsion the Cleaver (level 10, -7/139 HPs)
             Began as a Minotaur Berserker on Oct 20, 2021.
             Was a High Priest of Trog.
             Mangled by a manticore (9 damage)
             ... on level 9 of the Dungeon.
             The game lasted 00:22:47 (8756 turns).

earthworldpsion the Cleaver (Minotaur Berserker)    Turns: 8756, Time: 00:22:47

Health: -7/139     AC: 25    Str: 31    XL:     10   Next: 94%
Magic:  6/6        EV:  2    Int:  4    God:    Trog [*****.]
Gold:   394        SH:  0    Dex: 11    Spells: 9/9 levels left

rFire    . . .     SeeInvis .   o - +7 whip of Wyrd {antimagic, Str+5 Dex+2 Stlth-}
rCold    . . .     Faith    .   (no shield)
rNeg     + + +     Spirit   .   (armour currently unavailable)
rPois    +         Reflect  .   (helmet currently unavailable)
rElec    .         Harm     .   (cloak currently unavailable)
rCorr    .         Rampage  .   (gloves currently unavailable)
Will     .....     NoTele   +   (boots currently unavailable)
Stlth    ..........             (no amulet)
HPRegen  0.33/turn              h - ring of magical power
MPRegen  0.10/turn              G - +4 ring of slaying

@: tree-form, spiked, on berserk cooldown, slowed, very slow
A: stationary, stasis, torment immunity, boosted hp, (horns 2), (retaliatory
headbutt)
a: Renounce Religion, Berserk, Trog's Hand, Brothers in Arms


You were on level 9 of the Dungeon.
You worshipped Trog.
Trog was extremely pleased with you.
You were a tree.
You visited 1 branch of the dungeon, and saw 9 of its levels.

You collected 394 gold pieces.

Inventory:

Hand Weapons
 a - a +0 hand axe
 m - a +0 flail of venom
 o - the +7 whip of Wyrd (weapon) {antimagic, Str+5 Dex+2 Stlth-}
   (You found it on level 4 of the Dungeon)

   It reduces the magical energy of the wielder, and disrupts the spells and
   magical abilities of those it strikes.
   Natural abilities and divine invocations are not affected.
   Str:       It affects your strength (+5).
   Dex:       It affects your dexterity (+2).
   Stlth:     It makes you less stealthy.
 y - a +1 mace of holy wrath
 E - a +0 flail of protection
Missiles
 v - 7 throwing nets
Armour
 b - a +0 animal skin
 g - a +0 scale mail
 j - a +0 chain mail (melded)
 q - a +0 cloak (melded)
Jewellery
 h - a ring of magical power (left branch)
 C - a ring of ice
 G - a +4 ring of slaying (right branch)
Wands
 l - a wand of flame (8) (quivered)
 x - a wand of acid (11)
Scrolls
 d - 2 scrolls of magic mapping
 e - 3 scrolls of amnesia
 k - 3 scrolls of fog
 p - a scroll of enchant weapon {unknown}
 r - a scroll of teleportation
 t - a scroll of acquirement {unknown}
 z - a scroll of identify
 D - 2 scrolls of blinking {unknown}
 F - a scroll of brand weapon {unknown}
 I - a scroll of immolation {unknown}
Potions
 c - 5 potions of might
 f - a potion of degeneration {unknown}
 i - 3 potions of berserk rage
 n - 3 potions of curing {unknown}
 s - 4 potions of lignification
 u - 3 potions of ambrosia
 w - 3 potions of brilliance {unknown}
 A - a potion of attraction {unknown}
 B - 2 potions of invisibility {unknown}
 H - 3 potions of haste {unknown}


   Skills:
 + Level 10.0 Fighting
 + Level 10.0(11.0) Axes
 + Level 7.8(10.1) Maces & Flails
 + Level 9.6 Armour
 + Level 8.9 Dodging


You had 9 spell levels left.
You didn't know any spells.
Your spell library was empty.

Dungeon Overview and Level Annotations

Branches:
Dungeon (9/15)             Temple (0/1) D:4            Lair (0/6) D:9
    Orc: D:9-12

Altars:
Cheibriados
Dithmenos
Elyvilon
Fedhas
Gozag
Hepliaklqana
Makhleb
Okawaru
Sif Muna
Trog
Uskayaw
Xom
Zin

Shops:
D:3 *

Annotations:
D:9 lair entrance


Innate Abilities, Weirdness & Mutations

You are a tree.
Your roots penetrate the ground, keeping you stationary.
You cannot be teleported.
You are immune to unholy pain and torment.
Your maximum health is greatly increased.
Your equipment is partially melded.
((You have a pair of horns on your head.))
((You reflexively headbutt those who attack you in melee.))


Message History

The manticore flicks its tail.
The volley of spikes hits you!
The barbed spikes become lodged in your body.
* * * LOW HITPOINT WARNING * * *
You feel a strong urge to attack something.
You are no longer berserk.
You are exhausted.
You feel yourself slow down.
The manticore flicks its tail.
The volley of spikes hits you but does no damage.
You whack the yak! You headbutt the yak.
The yak is severely wounded.
The yak gores you!
* * * LOW HITPOINT WARNING * * *
The yak gores you.
* * * LOW HITPOINT WARNING * * *
The barbs in your skin will harm you if you move.
Continue?
Okay, then.
The yak closely misses you. The yak gores you.
* * * LOW HITPOINT WARNING * * *
The manticore flicks its tail.
The volley of spikes misses you. The yak closely misses you.
As you read the scroll of teleportation, it crumbles to dust.
You feel strangely unstable. The yak closely misses you.
The yak barely misses you. You furiously retaliate!
You headbutt the yak. The yak gores you.
* * * LOW HITPOINT WARNING * * *
The manticore bites you.
* * * LOW HITPOINT WARNING * * *
The manticore closely misses you. The manticore misses you.
It was a potion of lignification.
You turn into a tree.
Your +0 cloak melds into your body.
Your +0 chain mail melds into your body.
Your roots penetrate the ground.
You feel strangely stable. The yak barely misses you.
The yak gores you but does no damage. The manticore bites you.
* * * LOW HITPOINT WARNING * * *
The manticore claws you but does no damage.
The manticore claws you!
You die...

...##
##................#....
..## ##
.##...............#####
###
Y.#.####+###.............
... ##...#....#########
#.##..#.#....#
#'..#..#....#
#.#.#..##....# ..
#.YY###....# ..#
###♣###....######### ##
##.H...##............
##..#....##....#####..
##..##.##..##.>.# #..
#....#.#....#...# #..
#......#.##.#...# #.#
#'.........#.'...# #.#
.#....#....#.#...# #.#
#....#..#...#...# #.#


You could see a manticore and 2 yaks.

Vanquished Creatures
  A centaur warrior (D:9)
  2 two-headed ogres
  A rime drake (shapeshifter) (D:9)
  2 hornets
  9 yaks
  3 wyverns
  4 water moccasins
  Duvessa (D:4)
  An orc warrior (D:8)
  5 necrophages
  4 ogres
  2 centaurs
  A bullfrog (D:9)
  A wyvern zombie (D:6)
  4 scorpions
  Dowan (D:4)
  A water moccasin skeleton (D:6)
  5 howler monkeys
  A bullfrog zombie (D:7)
  2 hounds
  2 orc priests (D:6)
  Crazy Yiuf (D:2)
  3 bullfrog skeletons
  4 centaur zombies
  An iguana (D:5)
  5 orc wizards
  Terence (D:3)
  A scorpion zombie (D:5)
  A hound skeleton (D:3)
  2 howler monkey zombies
  Robin (D:2)
  10 adders
  12 gnolls
  An ufetubus (D:5)
  An adder skeleton (D:4)
  A worm (D:2)
  3 dart slugs
  21 orcs
  2 ball pythons
  4 bats (D:1)
  7 endoplasms
  6 giant cockroaches
  13 goblins
  6 hobgoblins
  5 jackals
  3 kobolds
  4 quokkas
  2 frilled lizards
  5 rats
  A bush (D:6)
180 creatures vanquished.

Vanquished Creatures (others)
  8 plants (D:6)
8 creatures vanquished.

Grand Total: 188 creatures vanquished

Notes
Turn   | Place    | Note
-------+----------+-------------------------------------------
     0 | D:1      | earthworldpsion the Minotaur Berserker began the quest for
                  | the Orb.
     0 | D:1      | Reached XP level 1. HP: 19/19 MP: 0/0
   153 | D:1      | Reached XP level 2. HP: 24/27 MP: 1/1
   286 | D:1      | Found a faded altar of an unknown god.
   858 | D:1      | Reached XP level 3. HP: 32/33 MP: 2/2
   961 | D:1      | You fall into a shaft and drop 1 floor!
   964 | D:2      | Reached ** piety under Trog
  1443 | D:2      | Found a runed translucent door.
  1444 | D:2      | Noticed Crazy Yiuf
  1451 | D:2      | Killed Crazy Yiuf
  1452 | D:2      | Reached XP level 4. HP: 41/41 MP: 3/3
  1488 | D:2      | Noticed Robin
  1505 | D:2      | Killed Robin
  1693 | D:2      | Found a shadowy altar of Dithmenos.
  2069 | D:3      | Reached XP level 5. HP: 32/47 MP: 4/4
  2188 | D:3      | Found Zin's Purification Station.
  2190 | D:3      | Found a glowing silver altar of Zin.
  2290 | D:3      | You fall into a shaft and drop 2 floors!
  2290 | D:5      | Entered Level 5 of the Dungeon
  2307 | D:5      | Noticed an ogre
  2316 | D:5      | Killed an ogre
  2317 | D:5      | Reached skill level 5 in Fighting
  2317 | D:5      | Reached skill level 5 in Axes
  2317 | D:5      | Reached XP level 6. HP: 33/56 MP: 5/5
  2439 | D:4      | Noticed Dowan
  2443 | D:4      | Noticed Duvessa
  2450 | D:4      | Killed Duvessa
  2463 | D:4      | Killed Dowan
  2566 | D:3      | Noticed Terence
  2574 | D:3      | Killed Terence
  2778 | D:3      | Reached *** piety under Trog
  3102 | D:4      | Found a white marble altar of Elyvilon.
  3113 | D:4      | Reached XP level 7. HP: 62/62 MP: 6/6
  3116 | D:4      | Reached skill level 5 in Armour
  3435 | D:4      | Found a hazy altar of Hepliaklqana.
  3463 | D:4      | Reached skill level 5 in Dodging
  3599 | D:4      | Identified the +7 whip of Wyrd {antimagic, Str+5 Dex+2
                  | Stlth-}
  3618 | D:4      | Found a staircase to the Ecumenical Temple.
  3817 | D:4      | Found an iron altar of Okawaru.
  3888 | D:4      | Found an opulent altar of Gozag.
  3892 | D:4      | Found a bloodstained altar of Trog.
  3905 | D:4      | Found a snail-covered altar of Cheibriados.
  4180 | D:5      | Reached skill level 1 in Maces & Flails
  4208 | D:5      | Reached XP level 8. HP: 61/71 MP: 5/7
  4948 | D:6      | Reached **** piety under Trog
  5126 | D:6      | Found a shimmering altar of Xom.
  5800 | D:6      | Found a blossoming altar of Fedhas.
  5835 | D:6      | Found a shimmering blue altar of Sif Muna.
  6048 | D:6      | Reached XP level 9. HP: 79/79 MP: 5/8
  6158 | D:7      | Found a hide-covered altar of Uskayaw.
  6522 | D:7      | Reached skill level 5 in Maces & Flails
  7138 | D:8      | Reached ***** piety under Trog
  7147 | D:8      | Reached XP level 10. HP: 26/90 MP: 6/9
  7234 | D:8      | Noticed a two-headed ogre
  7515 | D:8      | Killed a two-headed ogre
  7634 | D:8      | Found a burning altar of Makhleb.
  7910 | D:8      | Found a shadowy altar of Dithmenos.
  8380 | D:9      | Noticed a two-headed ogre
  8389 | D:9      | Killed a two-headed ogre
  8692 | D:9      | Found a staircase to the Lair.
  8732 | D:9      | Noticed a centaur warrior
  8739 | D:9      | Killed a centaur warrior
  8746 | D:9      | Reached skill level 10 in Axes
  8746 | D:9      | Noticed a manticore
  8751 | D:9      | Reached skill level 10 in Fighting
  8755 | D:9      | HP: 3/93 [manticore (5)]
  8756 | D:9      | Mangled by a manticore

Illustrated notes

Levels and vault maps discovered:
D:1:      nicolae_arrival_memento_mori, layout_basic,
          ebering_ecumenical_altar_abandoned, minmay_worlds_worst_comb
D:2:      layout_rooms, basic_altar, palyth_stone_intersect,
          uniq_crazy_yiuf_cottage, uniq_robin
D:3:      layout_basic, zin_purify, uniq_terence
D:4:      layout_loops_ring, mainiacjoe_overflow_alcove_1,
          minmay_overflow_temple_star_quad, lemuel_doored_altar, temple_pool_b,
          minmay_ruined_shrine, uniq_duvessa
D:5:      layout_cave_pools, serial_park, serial_park_tiny_1,
          serial_park_square2, serial_park_fountain, serial_park_square2,
          minmay_misc_feat_columns
D:6:      layout_basic, mainiacjoe_overflow_small_starburst, led_sif_book,
          fedhas_altar_decomposition
D:7:      layout_loops_ring, eat_drink_and_be_merry_uskayaw
D:8:      layout_basic, lemuel_crystal_altar, mainiacjoe_overflow_tiny_flanked
D:9:      minmay_the_grid_octo_tiled_squarecenter [minmay_the_grid_octo_77,
          minmay_the_grid_octo_chip, minmay_the_grid_octo_focus,
          minmay_the_grid_octo_tetromino_candy,
          minmay_the_grid_square_5x5_megaprize_checkered,
          minmay_the_grid_square_5x5_checkered,
          minmay_the_grid_square_5x5_slash,
          minmay_the_grid_square_5x5_gyroscope,
          minmay_the_grid_square_5x5_hollow_slash], layout_irregular_city,
          eino_house_with_fridge

Skill      XL: |  1  2  3  4  5  6  7  8  9 10 |
---------------+-------------------------------+-----
Fighting       | 4 5 6 7 8 10 | 10.0
Axes           | 4 5 6 7 8 10 | 10.0
Armour         | 3 4 5 7 8 9 |  9.6
Dodging        | 3 4 5 6 7 8 |  8.9
Maces & Flails | 1 4 6 7 |  7.8

Action                   |  1- 3 |  4- 6 |  7- 9 | 10-12 || total
-------------------------+-------+-------+-------+-------++-------
Melee: Hand axe          |    76 |   111 |    22 |       ||   209
       Headbutt          |     6 |    28 |    64 |    20 ||   118
       Whip              |       |       |   188 |    63 ||   251
Invok: Berserk           |     1 |     3 |     5 |     4 ||    13
Evoke: Wand              |       |       |    35 |     2 ||    37
  Use: Scroll            |       |       |     4 |     5 ||     9
       Potion            |       |       |       |     1 ||     1
 Stab: Sleeping          |     1 |       |       |       ||     1
Armor: Animal skin       |    13 |       |       |       ||    13
       Scale mail        |    27 |     8 |       |       ||    35
       Chain mail        |       |    43 |    92 |    16 ||   151
       Skin              |       |       |       |     2 ||     2
Dodge: Dodged            |    43 |    63 |   115 |    32 ||   253
